 Dungeon Crawl Stone Soup version 0.31-a0-691-g409c26aa35 (webtiles) character file.

Game seed: 15182345095408156514

1260 pokeman the Thaumaturge (level 8, -10/44 HPs)
             Began as a Deep Elf Hedge Wizard on Sept 6, 2023.
             Killed from afar by a white imp (16 damage)
             ... with a puff of frost
             ... on level 5 of the Dungeon.
             The game lasted 00:14:13 (5467 turns).

pokeman the Thaumaturge (Deep Elf Hedge Wizard)     Turns: 5467, Time: 00:14:14

Health: -10/44     AC:  4    Str: 14    XL:     8   Next: 27%
Magic:  16/23      EV: 13    Int: 25    God:
Gold:   228        SH:  0    Dex: 20    Spells: 18/26 levels left

rFire   . . .        v - +4 hand axe "Gukk" {venom, rPois rC- Str+7 Int+3}
rCold   x . .        (no shield)
rNeg    . . .        b - +0 robe
rPois   +            c - +0 hat
rElec   .            w - +1 cloak
rCorr   .            (no gloves)
SInv    .            (no boots)
Will    .....        (no amulet)
Stlth   +++          x - +6 ring of dexterity
HPRegen 0.27/turn    (no ring)
MPRegen 0.18/turn

%: no passive effects
@: no status effects
A: no striking features
a: no special abilities


You were on level 5 of the Dungeon.
You visited 2 branches of the dungeon, and saw 6 of its levels.

You collected 249 gold pieces.
You spent 21 gold pieces at shops.

Inventory:

Hand Weapons
 v - the +4 hand axe "Gukk" (weapon) {venom, rPois rC- Str+7 Int+3}
   (You found it on level 3 of the Dungeon)

   Str+7:     It affects your strength (+7).
   Int+3:     It affects your intelligence (+3).
   rC-:       It makes you vulnerable to cold.
   rPois:     It protects you from poison
Missiles
 l - 6 curare-tipped darts
Armour
 b - a +0 robe (worn)
 c - a +0 hat (worn)
 s - a scarf of repulsion
 u - a +0 leather armour of willpower
 w - a +1 cloak (worn)
Jewellery
 e - an amulet of faith
 x - a +6 ring of dexterity (left hand)
 y - a ring of ice
Wands
 z - a wand of paralysis (6)
Scrolls
 f - 4 scrolls of amnesia {unknown}
 g - 7 scrolls of identify {unknown}
 h - a scroll of immolation {unknown}
 j - 2 scrolls of brand weapon {unknown}
 k - a scroll of fog {unknown}
 m - a scroll of poison {unknown}
 o - 2 scrolls of enchant weapon {unknown}
 p - a scroll of fear {unknown}
 r - 2 scrolls of teleportation {unknown}
Potions
 a - 2 potions of lignification {unknown}
 d - a potion of magic
 i - 2 potions of invisibility {unknown}
 n - a potion of brilliance {unknown}
 q - a potion of might {unknown}
 t - 2 potions of heal wounds {unknown}
 A - 3 potions of curing {unknown}
 B - a potion of degeneration {unknown}


   Skills:
 - Level 2.0 Fighting
 + Level 2.8 Armour
 - Level 3.0 Dodging
 - Level 3.0 Stealth
 * Level 9.9 Spellcasting
 + Level 5.2 Conjurations
 - Level 1.1 Summonings
 - Level 1.1 Translocations
 - Level 1.0 Air Magic
 - Level 1.0 Poison Magic
 - Level 1.2 Evocations


You had 18 spell levels left.
You knew the following spells:

 Your Spells              Type           Power      Damage    Failure   Level
a - Magic Dart            Conj           100%       1d8       1%          1
b - Mephitic Cloud        Conj/Pois/Air  24%        N/A       5%          3
c - Call Imp              Summ           34%        N/A       4%          2
d - Blink                 Tloc           34%        N/A       4%          2

Your spell library contained the following spells:

 Spells                   Type           Power      Damage    Failure   Level
 Slow                     Hex            48%        N/A       4%          1
 Cigotuvi's Dreadful Rot  Necr/Pois/Air  30%        N/A       6%          2


Dungeon Overview and Level Annotations

Branches:
Dungeon (5/15)             Temple (1/1) D:4

Altars:
Dithmenos
Elyvilon
Fedhas
Gozag
Hepliaklqana
Kikubaaqudgha
Makhleb
Nemelex Xobeh
Qazlal
Ru
Sif Muna
Trog
Uskayaw
Wu Jian
Xom
Zin
The Shining One

Shops:
D:1 *


Message History

Aim: a centaur (wandering, hasn't noticed you, chance to affect: 81%)
The ball explodes into a vile cloud!
The stinking cloud engulfs the centaur but does no damage.
The centaur shouts!
You hear a shout!
You hear an angry hiss.
The centaur is engulfed in noxious fumes.
The centaur wields a +0 shortbow.
The centaur shoots an arrow.
The arrow hits you!
* * * LOW HITPOINT WARNING * * *
Unknown command.
The centaur is engulfed in noxious fumes.
The centaur appears confused.
You slash the centaur!
The centaur is poisoned.
The centaur is heavily wounded.
The centaur is engulfed in noxious fumes.
The centaur suddenly looks very angry at the Dungeon.
The centaur is engulfed in noxious fumes.
The centaur looks very confused.
You hit the centaur.
The centaur looks as sick as possible!
The centaur is severely wounded.
The centaur is engulfed in noxious fumes.
The centaur appears confused.
You slash the centaur!
You kill the centaur!
An adder comes into view.
A white imp comes into view.
Casting: Mephitic Cloud (dangerous; 5% risk of failure)
Confirm with . or Enter, or press ? or * to list all spells.
Aiming: Mephitic Cloud (dangerous; 5% risk of failure)
Press: ? - help, Shift-Dir - straight line, f - adder
Aim: an adder (chance to affect: 91%)
The ball explodes into a vile cloud!
The stinking cloud engulfs the adder but does no damage.
The adder is engulfed in noxious fumes.
The adder appears confused.
Unknown command.
Unknown command.
The adder is engulfed in noxious fumes.
The adder appears confused.
The adder is engulfed in noxious fumes.
The adder appears confused.
There is a stone staircase leading up here.
The white imp gestures at you. The puff of frost hits you!
You feel a terrible chill!
You die...

. #. #+ ####
#..##.####..##
##............#
#......@......#
#..........)..#
##........5...#
#+########..####
#####..##.#
+......S..#
#.........#
#...†...).# #
#..#####'###+#
###


You could see an adder (confused) and a white imp.

Vanquished Creatures
  2 ice beasts
  A centaur (D:5)
  A phantom (D:4)
  A kobold brigand (D:3)
  A bullfrog (D:4)
  Blork the orc (D:4)
  A scorpion (D:4)
  2 howler monkeys
  An orc priest (D:3)
  2 hounds (D:3)
  A gnoll bouda (D:3)
  An iguana (D:5)
  A sleepcap (D:5)
  2 orc wizards (D:3)
  19 gnolls (D:3)
  6 adders
  A worm (D:4)
  A dart slug (D:3)
  21 orcs
  2 endoplasms (D:1)
  5 giant cockroaches (D:1)
  6 goblins
  10 hobgoblins
  11 jackals (D:3)
  7 kobolds
  A quokka (D:3)
  5 ball pythons
  6 bats
  5 frilled lizards
  5 rats
129 creatures vanquished.

Vanquished Creatures (collateral kills)
  An orc (D:3)
1 creature vanquished.

Grand Total: 130 creatures vanquished

Notes
Turn   | Place    | Note
-------+----------+-------------------------------------------
     0 | D:1      | pokeman the Deep Elf Hedge Wizard began the quest for the
                  | Orb.
     0 | D:1      | Reached XP level 1. HP: 10/10 MP: 7/7
   323 | D:1      | Reached XP level 2. HP: 15/15 MP: 7/9
   759 | D:1      | Reached skill level 5 in Spellcasting
   860 | D:1      | Found Meoh Peq's Assorted Antiques.
   893 | D:1      | You fall into a shaft and drop 1 floor!
   910 | D:2      | Reached XP level 3. HP: 20/20 MP: 6/11
   914 | D:2      | Learned a level 3 spell: Mephitic Cloud
   917 | D:2      | Learned a level 2 spell: Call Imp
   920 | D:2      | Learned a level 2 spell: Blink
  1213 | D:1      | Bought a scroll labelled TOESEI NUON for 21 gold pieces
  2003 | D:3      | Reached skill level 1 in Fighting
  2003 | D:3      | Reached skill level 1 in Armour
  2478 | D:3      | Reached XP level 4. HP: 24/25 MP: 6/13
  2732 | D:3      | Reached skill level 6 in Spellcasting
  2732 | D:3      | Reached XP level 5. HP: 29/29 MP: 5/15
  2953 | D:3      | Reached skill level 1 in Air Magic
  3040 | D:3      | Noticed an orc warrior
  3043 | D:3      | Reached skill level 1 in Poison Magic
  3268 | D:3      | Found a faded altar of an unknown god.
  3348 | D:3      | Identified the +4 hand axe "Gukk" {venom, rPois rC- Str+7
                  | Int+3}
  3505 | D:3      | Reached XP level 6. HP: 22/34 MP: 10/17
  3556 | D:3      | Reached skill level 7 in Spellcasting
  3867 | D:3      | Reached skill level 8 in Spellcasting
  3867 | D:3      | Reached XP level 7. HP: 14/40 MP: 10/20
  4829 | D:4      | Reached skill level 1 in Evocations
  4876 | D:4      | Reached skill level 9 in Spellcasting
  4952 | D:4      | Found a bloodstained altar of Trog.
  4978 | D:4      | Found a staircase to the Ecumenical Temple.
  4984 | Temple   | Entered the Ecumenical Temple
  5047 | D:4      | Noticed Blork the orc
  5057 | D:4      | Killed Blork the orc
  5058 | D:4      | Reached XP level 8. HP: 44/44 MP: 20/23
  5326 | D:5      | Entered Level 5 of the Dungeon
  5420 | D:5      | Reached skill level 5 in Conjurations
  5454 | D:5      | HP: 2/44 [centaur/arrow (16)]
  5467 | D:5      | Killed from afar by a white imp

Illustrated notes

Levels and vault maps discovered:
D:1:      minmay_arrival_shattered_statue, layout_loops_ring, serial_shops,
          nicolae_shop_tiny_waterfront
D:2:      layout_basic
D:3:      lemuel_castle_with_subvaults [lemuel_castle_interior_carwin_3],
          layout_loops_ring, chequers_ecumenical_altar_twisty,
          minmay_divided_ellipse
D:4:      layout_gridville, mainiacjoe_overflow_alcove_1, temple_green,
          uniq_blork_the_orc
D:5:      layout_gridville, gammafunk_temple_overflow_wave,
          hellmonk_ghost_happy_afterlife, grunt_tough_drop
Temple:   minmay_temple_bridge_d

Skill      XL: |  1  2  3  4  5  6  7  8 |
---------------+-------------------------+-----
Spellcasting   | 5 6 8 9 |  9.9
Fighting       | 1 2 |  2.0
Armour         | 1 2 |  2.8
Conjurations   | 2 3 4 5 |  5.2
Dodging        | 3 |  3.0
Stealth        | 3 |  3.0
Air Magic      | 1 |  1.0
Poison Magic   | 1 |  1.0
Evocations     | 1 |  1.2
Summonings     | |  1.1
Translocations | |  1.1

Action                     |  1- 3 |  4- 6 |  7- 9 || total
---------------------------+-------+-------+-------++-------
  Melee: Dagger            |    29 |    23 |       ||    52
         Punch             |     1 |     3 |       ||     4
         Hand axe          |       |    51 |    38 ||    89
         War axe           |       |     1 |       ||     1
   Cast: Magic Dart        |    99 |    66 |    73 ||   238
         Mephitic Cloud    |     1 |    21 |     7 ||    29
         Call Imp          |       |     1 |     3 ||     4
         Blink             |       |       |     1 ||     1
   Stab: Confused          |       |     7 |     1 ||     8
         Sleeping          |       |     1 |     1 ||     2
 Armour: Robe              |    20 |    43 |    14 ||    77
  Dodge: Dodged            |    37 |    39 |    21 ||    97

Table legend: (Time is in decaauts)
 A = Elapsed time spent in this place.
 B = Non-inter-level travel time spent in this place.
 C = Inter-level travel time spent in this place.
 D = Time resting spent in this place.
 E = Time spent auto-exploring this place.
 F = Levels seen in this place.
 G = Mean time per level.
                   A        B        C        D        E       F      G
               +--------+--------+--------+--------+--------+-----+--------+
         Total |   5496 |   5340 |    156 |    106 |   4373 |   6 |  916.0 |
       Dungeon |   5494 |   5338 |    156 |    106 |   4373 |   5 | 1098.8 |
        Temple |      1 |      1 |      0 |      0 |      0 |   1 |    1.0 |
               +--------+--------+--------+--------+--------+-----+--------+

Top non-repeatable levels by time:
     D:3: 2278 daAuts
     D:1: 1285 daAuts
     D:4: 1099 daAuts
     D:2: 685 daAuts
     D:5: 146 daAuts
  Temple: 1 daAuts
